 Dungeon Crawl Stone Soup version 0.30-a0-219-gf2db51d15e (webtiles) character file.

Game seed: 13010555396196664988

17993 Jannitor the Slicer (level 12, -10/96 HPs)
             Began as an Armataur Chaos Knight on Oct 7, 2022.
             Was a Plaything of Xom.
             Mangled by a tarantella (11 damage)
             ... on level 13 of the Dungeon.
             The game lasted 00:26:35 (11326 turns).

Jannitor the Slicer (Armataur Chaos Knight)        Turns: 11326, Time: 00:26:35

Health: -10/96     AC: 15    Str: 28      XL:     12   Next: 23%
Magic:  0/12       EV:  9    Int: 16      God:    Xom [*.....]
Gold:   213        SH:  0    Dex:  9 (10) Spells: 11/11 levels left

rFire   + + +      SeeInvis .    u - +7 captain's cutlass {speed, disarm}
rCold   + . .      Faith    .    s - +0 buckler
rNeg    . . .      Spirit   +    D - +0 troll leather armour
rPois   +          Reflect  .    W - +1 hat {Int+3}
rElec   +          Harm     .    b - +1 cloak of Untruth {rF+}
rCorr   +          Roll     +    U - +2 pair of gloves {Stlth+}
Will    .....      Rage     3%   (no barding)
Stlth   ++++......               w - amulet of guardian spirit
HPRegen 1.16/turn                q - +6 ring of strength
MPRegen 0.13/turn                H - +4 ring of protection

@: confused, lethally poisoned (-10 -> -10), resistant, on berserk cooldown,
slowed, studying Fighting, very slow
A: large, rugged brown scales 3, deformed body, armoured tail, roll, long
tongue, awkward tongue, horns 1, camouflage 1, berserk 1, clumsy 1, fire
resistance 1, frail 2, sense surroundings 1, screaming 2, strong 1, wild magic
2, evolution 1, inability to read after injury 1, MP-powered wands
a: Renounce Religion


You were on level 13 of the Dungeon.
You worshipped Xom.
You were a special plaything of Xom.
You visited 1 branch of the dungeon, and saw 13 of its levels.

You collected 831 gold pieces.
You spent 618 gold pieces at shops.

Inventory:

Hand Weapons
 a - a +0 short sword of chaos
 i - a +1 short sword of electrocution
 u - the +7 captain's cutlass (weapon) {speed, disarm}
   (You found it on level 7 of the Dungeon)

   Attacks with this weapon are significantly faster.
   It may disarm weapon-wielding foes when striking them, dealing extra damage
   in the process.
Missiles
 p - 46 poisoned darts (quivered)
Armour
 b - the +1 cloak of Untruth (worn) {rF+}
   (You found it on level 9 of the Dungeon)

   rF:        It protects you from fire.
 l - the +6 scale mail of the Bells {-Tele rF+++ Will- Dex+4}
   (You found it on level 2 of the Dungeon)

   Dex:       It affects your dexterity (+4).
   rF:        It renders you almost immune to fire.
   -Tele:     It prevents most forms of teleportation.
   Will:      It decreases your willpower.
 s - a +0 buckler (worn)
 B - a scarf of repulsion
 D - a +0 troll leather armour (worn)
 M - a +0 tower shield of reflection
 S - +0 acid dragon scales
 U - a +2 pair of gloves of stealth (worn)
 W - a +1 hat of intelligence (worn)
Jewellery
 k - an amulet of reflection
 q - a +6 ring of strength (left hand)
 t - an amulet of faith
 w - an amulet of guardian spirit (around neck)
 E - a ring of protection from fire
 H - a +4 ring of protection (right hand)
 L - a ring of protection from fire
 T - a ring of wizardry
Wands
 f - a wand of polymorph (6)
 o - a wand of light (19)
 F - a wand of digging (5)
 I - a wand of flame (13)
 R - a wand of iceblast (11)
Scrolls
 e - 3 scrolls of amnesia
 g - 2 scrolls of noise
 h - 10 scrolls of identify
 j - 3 scrolls of immolation {unknown}
 n - a scroll of torment {unknown}
 r - 2 scrolls of poison
 y - a scroll of magic mapping {unknown}
 z - 3 scrolls of enchant armour
 A - a scroll of vulnerability {unknown}
 C - a scroll of brand weapon {unknown}
 J - 3 scrolls of teleportation
 O - 2 scrolls of fear {unknown}
 V - a scroll of enchant weapon {unknown}
Potions
 m - a potion of berserk rage
 v - a potion of resistance
 x - a potion of cancellation {unknown}
 G - 2 potions of degeneration {unknown}
 K - a potion of flight {unknown}
 N - 3 potions of might {unknown}
 P - 2 potions of attraction {unknown}
 Q - a potion of invisibility {unknown}
Miscellaneous
 c - a piece from Xom's chessboard (15/15)


   Skills:
 + Level 11.6 Fighting
 * Level 12.3 Short Blades
 - Level 2.4 Armour
 - Level 0.6 Dodging
 + Level 11.0 Stealth
 + Level 9.6 Shields


You had 11 spell levels left.
You didn't know any spells.
Your spell library contained the following spells:

 Spells                   Type           Power      Damage    Failure   Level
 Sandblast                Erth           0%         2d4       50%         1
 Cigotuvi's Dreadful Rot  Necr/Pois/Air  0%         N/A       63%         2
 Poisonous Vapours        Pois/Air       0%         N/A       63%         2
 Sublimation of Blood     Necr           0%         N/A       63%         2
 Wereblood                Tmut           0%         N/A       63%         2
 Mephitic Cloud           Conj/Pois/Air  0%         N/A       83%         3
 Ozocubu's Armour         Ice            0%         N/A       83%         3
 Airstrike                Air            0%         2d(0-16)  99%         4
 Animate Dead             Necr           0%         N/A       99%         4
 Cause Fear               Hex            0%         N/A       99%         4
 Summon Lightning Spire   Summ/Air       0%         N/A       99%         4
 Lightning Bolt           Conj/Air       0%         1d11      100%        5
 Metabolic Englaciation   Hex/Ice        0%         N/A       100%        5
 Simulacrum               Ice/Necr       0%         N/A       100%        6
 Dragon Form              Tmut           0%         N/A       100%        7
 Haunt                    Necr/Summ      0%         N/A       100%        7
 Summon Hydra             Summ           0%         N/A       100%        7
 Borgnjor's Revivificati  Necr           0%         N/A       100%        8
 Infestation              Necr           0%         N/A       100%        8
 Necromutation            Tmut/Necr      0%         N/A       100%        8
 Death's Door             Necr           0%         N/A       100%        9
 Dragon's Call            Summ           0%         N/A       100%        9


Dungeon Overview and Level Annotations

Branches:
Dungeon (13/15)            Temple (0/1) D:7            Lair (0/5) D:9
    Orc (0/2) D:12
 Vaults: D:13-14

Altars:
Ashenzari
Hepliaklqana
Kikubaaqudgha
Makhleb

Shops:
D:1 =   D:6 *   D:10 [   D:12 [   D:13 (

Annotations:
D:2 1 runed translucent door, Crazy Yiuf
D:5 1 transporter
D:7 Amaemon
D:13 6 runed translucent doors


Innate Abilities, Weirdness & Mutations

You are completely covered in rugged brown scales. (AC +3, +7% HP)
Armour fits poorly on your strangely shaped body.
You have a long armoured tail.
You roll when moving toward enemies. (Rampage)
Your long tongue fully drains potion bottles. (2x potion effects)
Your tongue gives you trouble enunciating. (1.5x scroll delay)
You have a pair of small horns on your head.
Your skin changes colour to match your surroundings (Stealth+).
You sometimes lose your temper in combat.
You are clumsy. (Dex -2)
Your flesh is heat resistant. (rF+)
You are very frail. (-20% HP)
You passively map a small area around you.
You frequently scream uncontrollably at your foes.
Your muscles are strong. (Str +4, Int/Dex -1)
Your spells are harder to cast, but more powerful.
You have hidden genetic potential.
You occasionally lose the ability to read scrolls when taking damage.
You expend magic power (3 MP) to strengthen your wands.


Message History

The tarantella touches you but does no damage.
You bump into the rock wall.
You feel your anger nearly subside.
You feel sick. The tarantella touches you.
* * * LOW HITPOINT WARNING * * *
You are more confused.
You puncture the tarantella!
The tarantella is heavily wounded.
The tarantella touches you but does no damage.
You feel sick. The tarantella completely misses you.
You see here a human corpse.
You bump into the rock wall.
You feel a strong urge to attack something.
You feel sick. The tarantella touches you!
* * * LOW HITPOINT WARNING * * *
You bump into the rock wall.
The tarantella touches you!
* * * LOW HITPOINT WARNING * * *
You are more confused.
Unknown command.
You feel your anger nearly subside.
* * * LOW HITPOINT WARNING * * *
You feel sick.
The tarantella touches you but does no damage.
Things that are here:
the +7 whip of Siumer {speed, Dex+5 SInv}; a redback corpse Unknown command.
* * * LOW HITPOINT WARNING * * *
You feel sick. The tarantella barely misses you.
You see here a human corpse.
Your blood rage is quickly leaving you.
You are no longer berserk.
You are exhausted.
You feel yourself slow down. The tarantella closely misses you.
Things that are here:
the +7 whip of Siumer {speed, Dex+5 SInv}; a redback corpse You miss the tarantella.
Your headbutt misses the tarantella.
The tarantella is heavily wounded.
* * * LOW HITPOINT WARNING * * *
You feel sick. The tarantella touches you!
You die...
Xom bursts into laughter!

+++## #D# ########## BB..#
#.# * .........# +++# #>.
, ########.# ###...# * *
#.# ##...# #.# #.#^### *
#.# ##...^# , #####* #.#
###^†#### ..... #.#
##@s..## ...#.###.#
#.###.# * * ...#..##.#
##.†.# ...##.##.# ##'###
...'.....# #8.8#
...##...##########.#####..
...'............#........#
#..
...########.###.#.[#######
* ##.. ...#
#....".......... , ...


You could see a tarantella.

Vanquished Creatures
  An entropy weaver (shapeshifter) (D:10)
  A centaur warrior (D:13)
  3 boulder beetles
  A two-headed ogre (D:11)
  3 cyclopes
  A manticore (D:11)
  2 wolf spiders (D:13)
  A kobold demonologist (D:8)
  2 gargoyles
  A komodo dragon (D:11)
  3 trolls
  A hornet (D:8)
  3 slime creatures (D:12)
  A jumping spider (D:13)
  Sigmund (D:4)
  2 shadows
  A wraith (D:11)
  A wyvern (D:11)
  2 vampires
  18 yaks
  2 redbacks (D:13)
  A steam dragon (D:8)
  6 vampire mosquitoes
  2 acid dragons
  A water moccasin (D:7)
  3 orc warriors
  An ice beast (D:6)
  2 black bears
  An ogre (D:6)
  4 centaurs
  4 kobold brigands
  A bullfrog (D:8)
  3 scorpions
  A gnoll sergeant (D:8)
  A wight (D:7)
  15 killer bees
  5 howler monkeys
  A hound (D:5)
  3 iron imps (D:7)
  3 jellies
  Natasha (thrice) (D:2)
  6 iguanas
  4 orc wizards
  8 adders
  8 gnolls
  4 shadow imps
  A white imp (D:6)
  2 ufetubi
  2 worms (D:3)
  A dart slug (D:6)
  15 orcs
  6 ball pythons
  5 endoplasms
  3 giant cockroaches
  3 goblins (D:1)
  5 hobgoblins
  5 jackals (D:1)
  2 quokkas
  4 bats
  6 frilled lizards
  40 kobolds
  11 kobold skeletons (D:8)
  7 kobold zombies (D:8)
  10 rats
  A plant (D:13)
271 creatures vanquished.

Vanquished Creatures (collateral kills)
  Joseph (D:7)
  Prince Ribbit (D:7)
  A vampire (D:13)
  A gnoll sergeant (D:6)
  A necrophage (D:6)
  7 wights (D:7)
  A hound (D:7)
  An orc wizard (D:7)
  5 gnolls (D:6)
  8 orcs
27 creatures vanquished.

Vanquished Creatures (others)
  A fungus (D:2)
  2 plants
3 creatures vanquished.

Grand Total: 301 creatures vanquished

Notes
Turn   | Place    | Note
-------+----------+-------------------------------------------
     0 | D:1      | Jannitor the Armataur Chaos Knight began the quest for the
                  | Orb.
     0 | D:1      | Reached XP level 1. HP: 19/19 MP: 1/1
    80 | D:1      | Reached skill level 3 in Short Blades
   122 | D:1      | XOM: silly message
   127 | D:1      | Reached XP level 2. HP: 26/26 MP: 2/2
   148 | D:1      | XOM: silly message
   183 | D:1      | XOM: silly message
   187 | D:1      | XOM: divination: detect items
   192 | D:1      | Reached skill level 1 in Stealth
   520 | D:1      | Found Wovelewn's Jewellery Boutique.
   543 | D:1      | Reached XP level 3. HP: 27/33 MP: 3/3
   942 | D:2      | Found a faded altar of an unknown god.
   947 | D:2      | Got Plato's Vellum of the Lithosphere
  1031 | D:2      | Identified the +6 scale mail of the Bells {-Tele rF+++
                  | Will- Dex+4}
  1097 | D:2      | XOM: silly message
  1125 | D:2      | Reached XP level 4. HP: 40/40 MP: 4/4
  1166 | D:2      | Found a runed translucent door.
  1167 | D:2      | Noticed Crazy Yiuf
  1266 | D:2      | Noticed Natasha
  1268 | D:2      | Killed Natasha
  1272 | D:2      | XOM: silly message
  1342 | D:2      | XOM: god gift: +2 vampiric broad axe
  1414 | D:2      | Noticed Natasha
  1419 | D:2      | Killed Natasha
  1420 | D:2      | Reached skill level 4 in Short Blades
  1528 | D:2      | Noticed Natasha
  1538 | D:2      | Killed Natasha
  1539 | D:2      | Reached XP level 5. HP: 13/48 MP: 5/5
  1698 | D:2      | XOM: cloud trail
  2170 | D:3      | XOM: scenery: summon butterflies
  2226 | D:3      | XOM: 5-stop teleportation journey
  2310 | D:3      | XOM: swap monsters
  2708 | D:4      | XOM: stealth player
  2739 | D:4      | Reached skill level 1 in Shields
  2753 | D:4      | Reached XP level 6. HP: 37/55 MP: 6/6
  2770 | D:4      | XOM: polymorph orc -> frilled lizard
  2832 | D:4      | XOM: give mutations
  2832 | D:4      | Gained mutation: Your muscles are strong. (Str +4, Int/Dex
                  | -1) [Xom's grace]
  2832 | D:4      | Gained mutation: You are agile. (Dex +4, Str/Int -1) [Xom's
                  | grace]
  2832 | D:4      | Gained mutation: Your tail ends in a venomous barb. [Xom's
                  | grace]
  2832 | D:4      | Gained mutation: You are robust. (+10% HP) [Xom's grace]
  2954 | D:4      | Noticed Sigmund
  2969 | D:4      | Killed Sigmund
  2970 | D:4      | Reached skill level 5 in Short Blades
  2973 | D:4      | XOM: enchant monster (bad)
  2980 | D:4      | Reached XP level 7. HP: 42/69 MP: 7/7
  3098 | D:5      | Entered Level 5 of the Dungeon
  3172 | D:5      | Found a transporter.
  3379 | D:5      | Found a transporter.
  3722 | D:5      | XOM: give mutations
  3722 | D:5      | Gained mutation: You are resistant to electric shocks.
                  | (rElec) [Xom's mischief]
  3722 | D:5      | Gained mutation: Your spells are a little easier to cast,
                  | but a little less powerful. [Xom's mischief]
  3722 | D:5      | Gained mutation: You are vulnerable to heat. (rF-) [Xom's
                  | mischief]
  3921 | D:5      | Reached skill level 6 in Short Blades
  3998 | D:5      | XOM: summons 3 hostile demons
  4028 | D:5      | Identified a scroll of acquirement
  4028 | D:5      | Acquired a manual of Fighting
  4033 | D:5      | XOM: draining
  4188 | D:6      | Reached skill level 5 in Stealth
  4188 | D:6      | Reached XP level 8. HP: 38/76 MP: 8/8
  4329 | D:6      | Reached skill level 5 in Fighting
  4352 | D:6      | XOM: cast spell 'Summon Cactus Giant'
  4534 | D:6      | XOM: god gift: ring of protection from fire
  4614 | D:6      | Found Qawynil's General Store.
  4622 | D:6      | Bought a scroll of teleportation for 33 gold pieces
  4622 | D:6      | Bought a scroll of enchant armour for 82 gold pieces
  4622 | D:6      | Bought a scroll of identify for 22 gold pieces
  4689 | D:6      | XOM: polymorph gnoll -> dart slug
  4694 | D:6      | XOM: enchant monster (bad)
  4918 | D:6      | Found a hazy altar of Hepliaklqana.
  5058 | D:6      | XOM: smoke on damage
  5063 | D:6      | Reached skill level 7 in Short Blades
  5092 | D:6      | XOM: scenery: summon butterflies
  5303 | D:7      | XOM: give mutations
  5303 | D:7      | Lost mutation: Your spells are a little easier to cast, but
                  | a little less powerful. [Xom's mischief]
  5303 | D:7      | Gained mutation: You have sharp toenails. [Xom's mischief]
  5303 | D:7      | Lost mutation: You are resistant to electric shocks.
                  | (rElec) [Xom's mischief]
  5366 | D:7      | Noticed Joseph
  5372 | D:7      | Lost mutation: You are robust. (+10% HP) [potion of
                  | mutation]
  5372 | D:7      | Lost mutation: You are agile. (Dex +4, Str/Int -1) [potion
                  | of mutation]
  5372 | D:7      | Lost mutation: You have sharp toenails. [potion of
                  | mutation]
  5372 | D:7      | Lost mutation: You are vulnerable to heat. (rF-) [potion of
                  | mutation]
  5372 | D:7      | Gained mutation: Your body sometimes deteriorates upon
                  | taking damage. [potion of mutation]
  5372 | D:7      | Gained mutation: You sometimes lose your temper in combat.
                  | [potion of mutation]
  5372 | D:7      | Gained mutation: You expend magic power (3 MP) to
                  | strengthen your wands. [potion of mutation]
  5372 | D:7      | Gained mutation: Your flesh is heat resistant. (rF+)
                  | [potion of mutation]
  5372 | D:7      | Gained mutation: You do not regenerate when monsters are
                  | visible. [potion of mutation]
  5372 | D:7      | Gained mutation: You are frail. (-10% HP) [potion of
                  | mutation]
  5372 | D:7      | Gained mutation: You have hidden genetic potential. [potion
                  | of mutation]
  5384 | D:7      | Killed Joseph
  5405 | D:7      | Reached XP level 9. HP: 67/74 MP: 9/9
  5422 | D:7      | XOM: noise
  5582 | D:7      | Noticed Prince Ribbit
  5588 | D:7      | Killed Prince Ribbit
  5589 | D:7      | Reached skill level 5 in Shields
  5605 | D:7      | Reached skill level 8 in Short Blades
  5621 | D:7      | Gained mutation: Your spells are a little harder to cast,
                  | but a little more powerful. [hidden potential]
  5740 | D:7      | Found a staircase to the Ecumenical Temple.
  5830 | D:7      | Found the +7 captain's cutlass {speed, disarm}
  5855 | D:7      | Found a burning altar of Makhleb.
  6044 | D:8      | Noticed Amaemon
  6090 | D:7      | XOM: silly message
  6152 | D:8      | Noticed an orange demon
  6161 | D:8      | XOM: swap monsters
  6187 | D:8      | Found an ancient bone altar of Kikubaaqudgha.
  6187 | D:8      | Noticed a kobold demonologist
  6197 | D:8      | Killed a kobold demonologist
  6401 | D:8      | XOM: noise
  6402 | D:8      | XOM: confusion (+ monsters)
  6406 | D:8      | XOM: swap monsters
  6411 | D:8      | Reached skill level 9 in Short Blades
  6441 | D:8      | XOM: destruction
  6449 | D:7      | XOM: god gift: javelin
  6455 | D:7      | Reached XP level 10. HP: 52/85 MP: 6/10
  6785 | D:8      | XOM: give mutations
  6785 | D:8      | Gained mutation: You occasionally lose the ability to read
                  | scrolls when taking damage. [Xom's mischief]
  6785 | D:8      | Lost mutation: Your body sometimes deteriorates upon taking
                  | damage. [Xom's mischief]
  6880 | D:9      | XOM: give mutations
  6880 | D:9      | Lost mutation: Your tail ends in a venomous barb. [Xom's
                  | mischief]
  6880 | D:9      | Gained mutation: You are very frail. (-20% HP) [Xom's
                  | mischief]
  6880 | D:9      | Gained mutation: Your skin changes colour to match your
                  | surroundings (Stealth+). [Xom's mischief]
  6880 | D:9      | Gained mutation: You are clumsy. (Dex -2) [Xom's mischief]
  6931 | D:9      | XOM: polymorph killer bee -> adder
  6958 | D:9      | Identified the +1 cloak of Untruth {rF+}
  6966 | D:9      | Gained mutation: You have a pair of small horns on your
                  | head. [hidden potential]
  6966 | D:9      | Lost mutation: You have hidden genetic potential. [hidden
                  | potential expressed]
  6978 | D:9      | Found a staircase to the Lair.
  7441 | D:9      | Found a broken altar of Ashenzari.
  7643 | D:8      | XOM: enchant monster (bad)
  7662 | D:8      | Reached skill level 10 in Short Blades
  7671 | D:8      | XOM: noise
  7737 | D:10     | Entered Level 10 of the Dungeon
  7841 | D:10     | XOM: enchant monster (good)
  7845 | D:10     | XOM: cleaving
  7859 | D:10     | XOM: polymorph yak -> shapeshifter
  7861 | D:10     | a shapeshifter changed into an entropy weaver
  7861 | D:10     | Noticed an entropy weaver (shapeshifter)
  7868 | D:10     | Killed an entropy weaver
  7869 | D:10     | Reached XP level 11. HP: 83/86 MP: 7/11
  8271 | D:10     | XOM: god gift: staff of earth
  8375 | D:10     | Found Teaz's Antique Armour Boutique.
  8389 | D:10     | Bought a shiny tower shield for 180 gold pieces
  8917 | D:11     | XOM: smoke on damage
  8931 | D:11     | Reached skill level 10 in Fighting
  8947 | D:11     | XOM: divination: magic mapping
  9109 | D:11     | Noticed a boulder beetle
  9138 | D:11     | Killed a boulder beetle
  9195 | D:11     | XOM: divination: detect creatures
  9205 | D:11     | Reached skill level 11 in Short Blades
  9501 | D:11     | Noticed a two-headed ogre
  9503 | D:11     | XOM: divination: magic mapping
  9508 | D:11     | Killed a two-headed ogre
  9509 | D:11     | Reached skill level 10 in Stealth
  9986 | D:12     | Found a staircase to the Orcish Mines.
  9986 | D:12     | Found Ramporoe's Armour Emporium.
  9996 | D:12     | XOM: blink monster(s)
 10007 | D:11     | XOM: give mutations
 10007 | D:11     | Gained mutation: Your spells are harder to cast, but more
                  | powerful. [Xom's grace]
 10007 | D:11     | Gained mutation: You have hidden genetic potential. [Xom's
                  | grace]
 10007 | D:11     | Gained mutation: You passively map a small area around you.
                  | [Xom's grace]
 10081 | D:11     | a slime creature changed into a shining eye
 10081 | D:11     | Noticed a shining eye
 10081 | D:11     | a slime creature changed into a shining eye
 10081 | D:11     | Noticed a shining eye
 10081 | D:11     | XOM: polymorph very large slime creature -> shining eye
 10083 | D:11     | Lost mutation: You do not regenerate when monsters are
                  | visible. [a shining eye]
 10084 | D:11     | Gained mutation: You occasionally shout uncontrollably at
                  | your foes. [a shining eye]
 10084 | D:11     | Gained mutation: You frequently scream uncontrollably at
                  | your foes. [a shining eye]
 10158 | D:12     | XOM: 5-stop teleportation journey
 10172 | D:12     | XOM: repel stairs
 10174 | D:12     | XOM: summons 4 hostile shadow creatures
 10175 | D:12     | Noticed a green ugly thing
 10176 | D:12     | XOM: smoke on damage
 10212 | D:12     | Noticed a boulder beetle
 10278 | D:12     | Killed a boulder beetle
 10354 | D:12     | XOM: stat loss: -1 Int (11/12)
 10393 | D:12     | Bought a +2 pair of gloves of stealth for 301 gold pieces
 10599 | D:12     | XOM: chaos cloud
 10665 | D:12     | XOM: scenery: 1 doors close
 10754 | D:13     | XOM: fog
 10762 | D:13     | XOM: divination: detect items
 10768 | D:13     | Noticed a centaur warrior
 10774 | D:13     | XOM: summons friendly shadow imp
 10775 | D:13     | XOM: cast spell 'Call Canine Familiar'
 10799 | D:13     | Killed a centaur warrior
 10800 | D:13     | Reached XP level 12. HP: 57/95 MP: 7/12
 10819 | D:13     | Reached skill level 12 in Short Blades
 10897 | D:13     | Noticed a five-headed hydra
 10935 | D:13     | Found Astrag's Antique Weapon Boutique.
 10935 | D:13     | XOM: 5-stop teleportation journey
 10980 | D:13     | XOM: scenery: 1 doors open
 10982 | D:13     | XOM: fog
 11006 | D:13     | XOM: fog
 11032 | D:13     | Noticed a boulder beetle
 11055 | D:13     | Killed a boulder beetle
 11158 | D:13     | XOM: summons friendly crimson imp
 11232 | D:13     | Found a runed translucent door.
 11266 | D:13     | Identified the +7 whip of Siumer {speed, Dex+5 SInv}
 11275 | D:13     | Found a runed translucent gate.
 11275 | D:13     | Found a runed translucent gate.
 11275 | D:13     | Found a runed translucent gate.
 11275 | D:13     | Found a runed translucent gate.
 11275 | D:13     | Found a runed translucent gate.
 11275 | D:13     | Found a runed translucent gate.
 11275 | D:13     | Noticed a boulder beetle
 11275 | D:13     | Noticed a boulder beetle
 11280 | D:13     | XOM: stat loss: -1 Dex (9/10)
 11291 | D:13     | Noticed a boulder beetle
 11322 | D:13     | HP: 1/144 [tarantella (9)]
 11326 | D:13     | Mangled by a tarantella

Illustrated notes

Levels and vault maps discovered:
D:1:      minmay_arrival_shoal_huts, layout_basic, serial_shops, shop,
          serial_bayou_lagoon_a
D:2:      layout_basic, shapermc_ecumenical_altar_rom_forum, uniq_natasha,
          uniq_crazy_yiuf_cottage
D:3:      layout_loops_corners, serial_bayou_pond_b
D:4:      layout_basic, minmay_quantized, uniq_sigmund, uniq_eustachio
D:5:      gammafunk_cloud_chamber, layout_basic
D:6:      layout_rooms, worldfamousw_hep_ancestral_shrine, serial_shops,
          nicolae_shop_crystal
D:7:      layout_rooms, demons_altar, minmay_temple_entry_offerings,
          st_stairs_4, uniq_joseph, uniq_prince_ribbit1
D:8:      wander_kiku_kobolds, layout_cave_pools, uniq_amaemon
D:9:      layout_roguey, mainiacjoe_overflow_alcove_4, lair_entry_dummy
D:10:     layout_stronghold, serial_shops, nicolae_shop_stone
D:11:     layout_basic
D:12:     layout_gridville, orc_david_3
D:13:     gammafunk_indiana_jones, layout_basic, serial_shops,
          nicolae_shop_overgrown_old_shop

Skill      XL: |  1  2  3  4  5  6  7  8  9 10 11 12 |
---------------+-------------------------------------+-----
Short Blades   | 3 4 5 6 7 9 10 11 12 | 12.3
Stealth        | 1 2 3 4 5 6 7 9 10 11 | 11.0
Fighting       | 3 4 6 8 9 11 | 11.6
Shields        | 1 2 3 4 6 7 9 |  9.6
Armour         | |  2.4
Dodging        | |  0.6

Action                   |  1- 3 |  4- 6 |  7- 9 | 10-12 || total
-------------------------+-------+-------+-------+-------++-------
Melee: Short sword       |   115 |   119 |   170 |       ||   404
       Tailslap          |    11 |    16 |    42 |    76 ||   145
       Punch             |     1 |       |       |       ||     1
       Cutlass           |       |       |   116 |   455 ||   571
       Headbutt          |       |       |       |    96 ||    96
Throw: Dart              |       |       |       |    27 ||    27
Evoke: Wand              |       |     1 |       |     3 ||     4
       Piece from Xom's  |       |       |     1 |     2 ||     3
  Use: Potion            |       |     1 |     4 |     8 ||    13
       Scroll            |       |       |     9 |     3 ||    12
 Stab: Sleeping          |     5 |     2 |     8 |    16 ||    31
       Distracted        |       |     1 |       |     1 ||     2
       Invisible         |       |     1 |       |     1 ||     2
Armor: Leather armour    |    49 |    33 |    88 |    26 ||   196
       Skin              |       |       |    10 |       ||    10
       Troll leather arm |       |       |       |   120 ||   120
Dodge: Dodged            |    46 |    33 |    96 |   157 ||   332
       Repelled          |       |       |     4 |       ||     4
Block: Buckler           |       |     6 |    47 |    77 ||   130

Table legend: (Time is in decaauts)
 A = Elapsed time spent in this place.
 B = Non-inter-level travel time spent in this place.
 C = Inter-level travel time spent in this place.
 D = Time resting spent in this place.
 E = Time spent auto-exploring this place.
 F = Levels seen in this place.
 G = Mean time per level.
                   A        B        C        D        E       F      G
               +--------+--------+--------+--------+--------+-----+--------+
         Total |  11155 |  10806 |    349 |   1838 |   6686 |  13 |  858.1 |
       Dungeon |  11155 |  10806 |    349 |   1838 |   6686 |  13 |  858.1 |
               +--------+--------+--------+--------+--------+-----+--------+

Top non-repeatable levels by time:
     D:6: 1202 daAuts
    D:10: 1160 daAuts
    D:11: 993 daAuts
     D:7: 981 daAuts
     D:5: 962 daAuts
     D:1: 934 daAuts
     D:3: 894 daAuts
     D:2: 872 daAuts
    D:12: 795 daAuts
     D:8: 777 daAuts
     D:9: 659 daAuts
    D:13: 542 daAuts
     D:4: 379 daAuts
